 Dungeon Crawl Stone Soup version 0.23.2-33-g5129a83184 (webtiles) character file.

Game seed: 9380068503182800292

2675 smcx the Nimble (level 9, -1/45 HPs)
             Began as a Deep Elf Fire Elementalist on July 23, 2019.
             Shot with an arrow by a centaur (7 damage)
             ... on level 7 of the Dungeon.
             The game lasted 00:25:43 (7775 turns).

smcx the Nimble (Deep Elf Fire Elementalist)        Turns: 7775, Time: 00:25:43

Health: -1/45      AC:  5    Str:  5    XL:     9   Next: 37%
Magic:  17/22      EV: 18    Int: 24    God:
Gold:   305        SH:  0    Dex: 15    Spells: 8/23 levels left

rFire    + . .     SeeInvis .   v - +2 dagger (venom)
rCold    . . .     Gourm    .   (no shield)
rNeg     . . .     Faith    .   w - +1 robe {rF+}
rPois    .         Spirit   .   r - +0 helmet
rElec    .         Reflect  .   u - scarf {cloud immunity}
rCorr    .         Harm     .   s - +0 pair of gloves
MR       .....                  (no boots)
Stlth    ++........             (no amulet)
HPRegen  0.15/turn              (no ring)
MPRegen  0.18/turn              (no ring)

@: no status effects
A: no striking features
a: no special abilities


You were on level 7 of the Dungeon.
You were not hungry.

You visited 1 branch of the dungeon, and saw 7 of its levels.

You collected 305 gold pieces.

Inventory:

Hand Weapons
 v - a +2 dagger of venom (weapon)
Missiles
 g - a throwing net (quivered)
Armour
 r - a +0 helmet (worn)
 s - a +0 pair of gloves (worn)
 u - a scarf of cloud immunity (worn)
 w - a +1 robe of fire resistance (worn)
Wands
 m - a wand of digging (4)
 A - a wand of disintegration (5)
Scrolls
 a - a scroll of fog {unknown}
 e - 2 scrolls of teleportation {unknown}
 f - a scroll of vulnerability {unknown}
 i - 4 scrolls of identify
 j - 3 scrolls of fear {unknown}
 k - 2 scrolls of enchant weapon {unknown}
 q - a scroll of magic mapping {unknown}
 t - 3 scrolls of remove curse {unknown}
 y - a scroll of immolation {unknown}
 B - a scroll of random uselessness {unknown}
 C - a scroll of blinking {unknown}
Potions
 b - a potion of curing
 d - a potion of agility {unknown}
 l - a potion of haste {unknown}
 n - a potion of invisibility {unknown}
 o - a potion of ambrosia {unknown}
 p - a potion of mutation {unknown}
 x - a potion of magic {unknown}
 z - a potion of brilliance {unknown}
Comestibles
 c - 3 rations


   Skills:
 + Level 4.5 Short Blades
 + Level 9.1 Dodging
 - Level 2.4 Stealth
 - Level 7.8 Spellcasting
 + Level 8.0 Conjurations
 - Level 4.0 Fire Magic


You had 8 spell levels left.
You knew the following spells:

 Your Spells              Type           Power        Failure   Level  Hunger
a - Flame Tongue          Conj/Fire      #####        1%          1    None
b - Throw Flame           Conj/Fire      #####.       1%          2    None
c - Conjure Flame         Conj/Fire      #####...     1%          3    None
d - Sticky Flame          Conj/Fire      #####...     5%          4    ###....
e - Fireball              Conj/Fire      #####.....   16%         5    #####..

Your spell library contained the following spells:

 Spells                   Type           Power        Failure   Level  Hunger
 Inner Flame              Hex/Fire       ###.....     9%          3    None


Dungeon Overview and Level Annotations

Branches:
Dungeon (7/15)
 Temple: D:4-7

Altars:
Nemelex Xobeh
Trog


Message History

You see here an arrow.
Casting: Flame Tongue (safe; 1% risk of failure)
Confirm with . or Enter, or press ? or * to list all spells.
You can't see any susceptible monsters within range! (Use Z to cast anyway.)
Casting: Flame Tongue (safe; 1% risk of failure)
Confirm with . or Enter, or press ? or * to list all spells.
Aiming: Throw Flame (safe; 1% risk of failure)
Press: ? - help, Shift-Dir - straight line, f/p - centaur
Aim: a centaur, wielding a +0 shortbow (lightly wounded)
The puff of flame hits the centaur!
The centaur is heavily wounded.
The centaur shoots an arrow.
The arrow hits you but does no damage.
The centaur shoots an arrow.
The arrow hits you!
* * * LOW HITPOINT WARNING * * *
The centaur shoots an arrow.
The arrow completely misses you.
You see here an arrow.
The centaur shoots an arrow.
The arrow hits you.
* * * LOW HITPOINT WARNING * * *
The centaur shoots an arrow.
The arrow hits you!
You die...

.....
############......
#.c.((..c.('......
#.##########......
#.# ..... #.# ....
#.# ####### ...
#.# #.....# .. #@#
#.....# . #.#
#.....# #.#
##.....# #.#
#.<....#
###.#####.....#
#.......'.....#
#########.....#
#######


You could see a centaur.

Vanquished Creatures
  Sigmund (D:5)
  Menkaure (D:7)
  A sky beast (D:5)
  An ice beast (D:6)
  2 orc warriors (D:6)
  2 necrophages
  2 phantoms
  A centaur (D:6)
  3 bullfrogs (D:6)
  Blork the orc (D:5)
  A scorpion (D:4)
  3 wights (D:6)
  A howler monkey (D:5)
  2 crimson imps
  A bullfrog zombie (D:6)
  An orc wizard (D:4)
  2 centaur skeletons
  4 hounds
  2 jellies (D:6)
  3 bullfrog skeletons
  3 orc priests
  2 gnoll shamans
  3 iguanas (D:6)
  5 worker ants
  A hound zombie (D:5)
  A worker ant zombie (D:6)
  A howler monkey skeleton (D:6)
  10 gnolls
  9 adders
  A shadow imp (D:6)
  3 oozes
  An adder zombie (D:5)
  An adder skeleton (D:6)
  4 worms
  3 dart slugs (D:1)
  12 orcs
  7 bats
  2 giant cockroaches
  5 hobgoblins
  4 jackals (D:2)
  7 kobolds
  2 quokkas
  2 ball pythons
  5 frilled lizards
  7 goblins
  A leopard gecko skeleton (D:4)
  5 rats
142 creatures vanquished.

Notes
Turn   | Place    | Note
-------+----------+-------------------------------------------
     0 | D:1      | smcx the Deep Elf Fire Elementalist began the quest for the
                  | Orb.
     0 | D:1      | Reached XP level 1. HP: 10/10 MP: 6/6
   362 | D:1      | Reached XP level 2. HP: 15/15 MP: 4/8
   399 | D:1      | Learned a level 2 spell: Throw Flame
   924 | D:1      | Reached skill level 3 in Dodging
  1168 | D:2      | Reached XP level 3. HP: 15/19 MP: 7/10
  1542 | D:2      | Learned a level 3 spell: Conjure Flame
  1925 | D:2      | Reached XP level 4. HP: 24/24 MP: 8/11
  2412 | D:3      | Found a sparkling altar of Nemelex Xobeh.
  2769 | D:4      | Reached XP level 5. HP: 24/28 MP: 6/13
  2884 | D:4      | Reached skill level 4 in Dodging
  3178 | D:4      | Reached skill level 5 in Spellcasting
  3566 | D:4      | Reached XP level 6. HP: 32/32 MP: 2/15
  3871 | D:4      | Reached skill level 5 in Dodging
  4047 | D:4      | HP: 1/32 [orc wizard/+2 dagger of venom (3)]
  4281 | D:4      | Reached XP level 7. HP: 36/36 MP: 14/18
  4493 | D:5      | Entered Level 5 of the Dungeon
  4549 | D:5      | Noticed Blork the orc
  4560 | D:5      | Killed Blork the orc
  4560 | D:5      | Reached skill level 6 in Dodging
  4560 | D:5      | Reached skill level 5 in Conjurations
  4726 | D:5      | Noticed Sigmund
  4843 | D:5      | Killed Sigmund
  4843 | D:5      | Reached XP level 8. HP: 33/41 MP: 8/21
  5224 | D:5      | Reached skill level 7 in Dodging
  5643 | D:5      | Reached skill level 1 in Short Blades
  6059 | D:6      | Learned a level 4 spell: Sticky Flame
  6067 | D:6      | Learned a level 5 spell: Fireball
  6503 | D:6      | Reached skill level 8 in Dodging
  6605 | D:6      | Found a bloodstained altar of Trog.
  6825 | D:6      | Reached XP level 9. HP: 45/45 MP: 15/22
  7526 | D:6      | Reached skill level 9 in Dodging
  7723 | D:7      | Noticed Menkaure
  7726 | D:7      | Killed Menkaure
  7775 | D:7      | Shot with an arrow by a centaur

Skill      XL: |  1  2  3  4  5  6  7  8  9 |
---------------+----------------------------+-----
Dodging        | 3 4 5 6 8 9 |  9.1
Conjurations   | 2 3 4 5 7 8 |  8.0
Spellcasting   | 4 5 6 7 |  7.8
Fire Magic     | 4 |  4.0
Short Blades   | 3 4 |  4.5
Stealth        | |  2.4

Action                   |  1- 3 |  4- 6 |  7- 9 || total
-------------------------+-------+-------+-------++-------
Melee: Dagger            |       |     3 |    52 ||    55
 Cast: Flame Tongue      |    77 |   129 |   201 ||   407
       Conjure Flame     |       |     2 |     6 ||     8
       Throw Flame       |       |     1 |     8 ||     9
       Sticky Flame      |       |       |     2 ||     2
  Use: Scroll            |       |     2 |     1 ||     3
       Potion            |       |     2 |       ||     2
 Stab: Sleeping          |       |       |     1 ||     1
  Eat: Chunk             |     3 |     7 |     7 ||    17
       Ration            |       |       |     1 ||     1
Armor: Robe              |     4 |    15 |    28 ||    47
Dodge: Dodged            |    27 |    50 |   108 ||   185
